cohdb
Replays
Latest Replays
All Replays
Popular Replays
Top Player Replays
Match Explorer
How It Works
Community
CoH3 Stats
Reddit
Sign in to upload your games and track your stats! →
Sign in with Steam
Match 39986751
Unlisted
Match 39986751
Overview
Messages
Build Orders
End
Kradschützen Motorcycle Team
Selects Panzerjäger Kommand Battlegroup
Selects Mine Fields
Panzerpioneer Squad
250 Light Carrier
Panzergrenadier Squad
Panzerpioneer Squad
Construct Light Support Kompanie
2.5-tonne Medical Truck
Selects GrB 39 Grenade Launcher Requisition
Construct Mechanized Kompanie
Support Armor Elements
254 Reconnaissance Tractor
Panzerjäger Mechanized Group
Selects Defensive Positions
StuG III D Assault Gun
Panzerjäger Squad
Construct Panzerarmee Kommand
Vehicle Survival Package
Panzerjäger Mechanized Group
18-tonne Recovery Half-track
Selects Butterfly Bomb Drop
Butterfly Bomb Drop
Pak 38 Mechanized Group
Walking Stuka Rocket Launcher
Kimchi milk
헤네시스택시기사
ohmygod321
sharpshooter
0
0
Comments
sign in to comment!
No comments posted yet!